 Dungeon Crawl Stone Soup version 0.21.1-1-g345015f (webtiles) character file.

103 theblackcape the Fighter (level 4, 0/48 HPs)
             Began as a Gnoll Wanderer on June 14, 2018.
             Was an Initiate of Okawaru.
             Killed from afar by an orc wizard (7 damage)
             ... with a puff of flame
             ... on level 2 of the Dungeon.
             The game lasted 00:07:53 (1800 turns).

theblackcape the Fighter (Gnoll Wanderer)           Turns: 1800, Time: 00:07:53

Health: 0/48       AC: 12    Str: 14    XL:     4   Next: 79%
Magic:  5/5        EV: 12    Int: 15    God:    Okawaru [......]
Gold:   119        SH:  5    Dex: 15    Spells: 5/5 levels left

rFire    . . .     SeeInvis .   u - +0 mace (protect)
rCold    . . .     Gourm    .   c - +0 buckler
rNeg     . . .     Faith    .   b - +0 ring mail
rPois    .         Spirit   .   (no helmet)
rElec    .         Reflect  .   (no cloak)
rCorr    .         Harm     .   (no gloves)
MR       .....                  (no boots)
Stlth    ++........             (no amulet)
HPRegen  0.16/turn              e - +2 ring of evasion
MPRegen  0.09/turn              (no ring)

@: protection aura
A: distributed training, fangs 1, strong nose
a: Renounce Religion


You were on level 2 of the Dungeon.
You worshipped Okawaru.
Okawaru was noncommittal.
You were not hungry.

You visited 1 branch of the dungeon, and saw 3 of its levels.

You collected 119 gold pieces.

Inventory:

Hand Weapons
 a - a +2 hand axe
 p - a +0 war axe
 u - a +0 mace of protection (weapon)
Armour
 b - a +0 ring mail (worn)
 c - a +0 buckler (worn)
Jewellery
 e - a +2 ring of evasion (left hand)
Scrolls
 g - a scroll of blinking {unknown}
 h - a scroll of noise {unknown}
 i - 2 scrolls of random uselessness {unknown}
 l - a scroll of fear {unknown}
 m - 2 scrolls of amnesia {unknown}
 o - a scroll of enchant weapon {unknown}
 q - 2 scrolls of fog {unknown}
 r - a scroll of magic mapping {unknown}
 t - a scroll of teleportation {unknown}
Potions
 j - a potion of lignification {unknown}
 k - a potion of heal wounds {unknown}
 n - a potion of curing {unknown}
 s - a potion of mutation {unknown}
Comestibles
 d - 6 rations
 f - 3 chunks of flesh


   Skills:
 + Level 10.4 Fighting
 + Level 1.2 Short Blades
 + Level 1.2 Long Blades
 + Level 2.8 Axes
 + Level 4.7 Maces & Flails
 + Level 1.2 Polearms
 + Level 1.2 Staves
 + Level 1.2 Slings
 + Level 1.2 Bows
 + Level 1.2 Crossbows
 + Level 1.2 Throwing
 + Level 1.2 Armour
 + Level 1.2 Dodging
 + Level 2.6 Stealth
 + Level 2.8 Shields
 + Level 1.2 Unarmed Combat
 + Level 1.2 Spellcasting
 + Level 1.0 Conjurations
 + Level 1.0 Hexes
 + Level 1.0 Charms
 + Level 1.0 Summonings
 + Level 1.0 Necromancy
 + Level 1.0 Translocations
 + Level 1.0 Transmutations
 + Level 1.0 Fire Magic
 + Level 1.0 Ice Magic
 + Level 1.0 Air Magic
 + Level 1.0 Earth Magic
 + Level 1.0 Poison Magic
 + Level 1.3 Invocations
 + Level 1.2 Evocations


You had 5 spell levels left.
You didn't know any spells.

Dungeon Overview and Level Annotations

Branches:
Dungeon (3/15)

Altars:
Okawaru
Beogh


Innate Abilities, Weirdness & Mutations

Your experience applies equally to all skills.
You have very sharp teeth.
Your uncanny sense of smell can sniff out nearby items.


Message History

Beogh smites you!
* * * LOW HITPOINT WARNING * * *
You climb upwards.
There is a stone staircase leading down here.
You hit the orc wizard but do no damage.
Your weapon exudes an aura of protection.
You block the orc wizard's attack. The orc wizard barely misses you.
You hit the orc wizard.
The orc wizard is lightly wounded.
The orc wizard hits you with a dagger.
* * * LOW HITPOINT WARNING * * *
You block the orc wizard's attack.
You closely miss the orc wizard.
The orc wizard is lightly wounded.
You block the orc wizard's attack.
You completely miss the orc wizard.
The orc wizard is lightly wounded.
The orc wizard points at you and mumbles some strange words.
The puff of flame hits you!
You die...

...............##
≈..........≈....##
≈..........≈≈....#
.................#
.................#
....####.........#
...## ##......≈.#
...# #.....≈o.#
...# #......≈@#
...## ##.......)#
....####........'##
..................#
..................#
≈..........≈≈.....#
≈..........≈......#
..................#
......≈...........#


You could see an orc wizard.

Vanquished Creatures
  An orc wizard (D:2)
  4 adders
  2 worms (D:2)
  2 leopard geckos (D:2)
  4 orcs
  2 bats
  2 giant cockroaches (D:1)
  5 goblins
  2 hobgoblins
  A ball python (D:2)
  A frilled lizard (D:1)
  4 kobolds
  3 rats
33 creatures vanquished.

Notes
Turn   | Place    | Note
-------+----------+-------------------------------------------
     0 | D:1      | Reached skill level 10 in Fighting
     0 | D:1      | theblackcape the Gnoll Wanderer began the quest for the Orb.
     0 | D:1      | theblackcape set off with: a +2 hand axe, a +0 ring mail, a +0 buckler, a ration
     0 | D:1      | Reached XP level 1. HP: 28/28 MP: 1/1
    58 | D:2      | Reached XP level 2. HP: 36/36 MP: 2/2
   656 | D:2      | Found an iron altar of Okawaru.
   776 | D:2      | Reached XP level 3. HP: 37/42 MP: 3/3
   808 | D:2      | Became a worshipper of Warmaster Okawaru
   913 | D:2      | Reached skill level 1 in Invocations
  1035 | D:2      | Reached skill level 1 in Short Blades
  1035 | D:2      | Reached skill level 1 in Long Blades
  1035 | D:2      | Reached skill level 1 in Polearms
  1035 | D:2      | Reached skill level 1 in Staves
  1035 | D:2      | Reached skill level 1 in Slings
  1035 | D:2      | Reached skill level 1 in Bows
  1035 | D:2      | Reached skill level 1 in Crossbows
  1035 | D:2      | Reached skill level 1 in Throwing
  1035 | D:2      | Reached skill level 1 in Armour
  1035 | D:2      | Reached skill level 1 in Dodging
  1035 | D:2      | Reached skill level 1 in Unarmed Combat
  1035 | D:2      | Reached skill level 1 in Spellcasting
  1035 | D:2      | Reached skill level 1 in Evocations
  1328 | D:2      | Reached XP level 4. HP: 37/48 MP: 5/5
  1682 | D:3      | Reached skill level 1 in Conjurations
  1682 | D:3      | Reached skill level 1 in Hexes
  1682 | D:3      | Reached skill level 1 in Charms
  1682 | D:3      | Reached skill level 1 in Summonings
  1682 | D:3      | Reached skill level 1 in Necromancy
  1682 | D:3      | Reached skill level 1 in Translocations
  1682 | D:3      | Reached skill level 1 in Transmutations
  1682 | D:3      | Reached skill level 1 in Fire Magic
  1682 | D:3      | Reached skill level 1 in Ice Magic
  1682 | D:3      | Reached skill level 1 in Air Magic
  1682 | D:3      | Reached skill level 1 in Earth Magic
  1682 | D:3      | Reached skill level 1 in Poison Magic
  1761 | D:3      | Found a roughly hewn altar of Beogh.
  1800 | D:2      | Killed from afar by an orc wizard

Skill      XL: |  1  2  3  4 |
---------------+-------------+-----
Fighting       | | 10.4
Invocations    | 1 |  1.3
Short Blades   | 1 |  1.2
Long Blades    | 1 |  1.2
Polearms       | 1 |  1.2
Staves         | 1 |  1.2
Slings         | 1 |  1.2
Bows           | 1 |  1.2
Crossbows      | 1 |  1.2
Throwing       | 1 |  1.2
Armour         | 1 |  1.2
Dodging        | 1 |  1.2
Unarmed Combat | 1 |  1.2
Spellcasting   | 1 |  1.2
Evocations     | 1 |  1.2
Conjurations   | 1 |  1.0
Hexes          | 1 |  1.0
Charms         | 1 |  1.0
Summonings     | 1 |  1.0
Necromancy     | 1 |  1.0
Translocations | 1 |  1.0
Transmutations | 1 |  1.0
Fire Magic     | 1 |  1.0
Ice Magic      | 1 |  1.0
Air Magic      | 1 |  1.0
Earth Magic    | 1 |  1.0
Poison Magic   | 1 |  1.0
Axes           | |  2.8
Maces & Flails | |  4.7
Stealth        | |  2.6
Shields        | |  2.8

Action                   |  1- 3 |  4- 6 || total
-------------------------+-------+-------++-------
Melee: Hand axe          |    28 |       ||    28
       Whip              |    76 |    31 ||   107
       Bite              |    15 |     3 ||    18
       Mace              |       |    11 ||    11
 Stab: Sleeping          |     1 |     2 ||     3
  Eat: Chunk             |     1 |     2 ||     3
Armor: Ring mail         |    22 |     7 ||    29
Dodge: Dodged            |    48 |    18 ||    66
Block: Buckler           |    17 |    12 ||    29
